SNL (28 & UNDER)
MONTGOMERY BISCUITS @ BLACKIRON DRAGONS
05/11/2028
 
TOP OF THE 1ST
Montgomery Biscuits batting - Pitching for BlackIron Dragons : RHP Larry Johnston
Pitching: RHP Larry Johnston
Batting: SHB Lawrence Farley 0-0: Ball
1-0: Fly out, F4 (Popup, 4)
Batting: LHB António Fernández 0-0: Swinging Strike
0-1: Fly out, F8 (Flyball, 8RS)
Batting: RHB Jerry Johnston 0-0: Swinging Strike
0-1: Called Strike
0-2: Ball
1-2: Foul Ball, location: 2F
1-2: Strikes out swinging
Top of the 1st over - 0 run(s), 0 hit(s), 0 error(s), 0 left on base; Montgomery 0 - BlackIron 0
BOTTOM OF THE 1ST
BlackIron Dragons batting - Pitching for Montgomery Biscuits : RHP Keith Fitzgerald
Pitching: RHP Keith Fitzgerald
Batting: SHB José Estreito 0-0: Ball
1-0: Swinging Strike
1-1: SINGLE (Line Drive, 56)
Batting: RHB Bernardo Corona 0-0: Ball
1-0: Called Strike
1-1: Ground out U3 (Groundball, 23)
José Estreito to second
Batting: LHB Pedro Rodríguez 0-0: Called Strike
0-1: Ball
1-1: Swinging Strike
1-2: Ball
2-2: 2-RUN HOME RUN (Flyball, 89XD), Distance : 416 ft
Batting: RHB Brady McIntyre 0-0: Called Strike
0-1: Fly out, F9 (Flyball, 89S)
Batting: RHB Jason Erickson 0-0: Fly out, F8 (Flyball, 8RM)
Bottom of the 1st over - 2 run(s), 2 hit(s), 0 error(s), 0 left on base; Montgomery 0 - BlackIron 2
TOP OF THE 2ND
Montgomery Biscuits batting - Pitching for BlackIron Dragons : RHP Larry Johnston
Batting: SHB Terry O'Farrell 0-0: Ball
1-0: Foul Ball, location: 2F
1-1: Fly out, F8 (Flyball, 8RM)
Batting: RHB Bob McDonald 0-0: Called Strike
0-1: Ball
1-1: Ball
2-1: DOUBLE (Flyball, 78D)
Batting: SHB Jack Estes 0-0: Ball
1-0: Ball
2-0: Foul Ball, location: 2F
2-1: Ball
3-1: Ground out U3 (Groundball, 34S)
Bob McDonald to third
Batting: RHB Rusty Downy 0-0: Fly out, F3 (Line Drive, 3S)
Top of the 2nd over - 0 run(s), 1 hit(s), 0 error(s), 1 left on base; Montgomery 0 - BlackIron 2
BOTTOM OF THE 2ND
BlackIron Dragons batting - Pitching for Montgomery Biscuits : RHP Keith Fitzgerald
Batting: SHB Júlio Macías 0-0: Ball
1-0: Ball
2-0: Ball
3-0: Called Strike
3-1: Swinging Strike
3-2: Strikes out swinging
Batting: RHB Roderick Silva 0-0: Called Strike
0-1: Called Strike
0-2: Strikes out swinging
Batting: RHB Júlio Rodríguez 0-0: Swinging Strike
0-1: Swinging Strike
0-2: Ball
1-2: Ball
2-2: Strikes out swinging
Bottom of the 2nd over - 0 run(s), 0 hit(s), 0 error(s), 0 left on base; Montgomery 0 - BlackIron 2
TOP OF THE 3RD
Montgomery Biscuits batting - Pitching for BlackIron Dragons : RHP Larry Johnston
Batting: RHB Glen MacDonald 0-0: Ball
1-0: Called Strike
1-1: Ball
2-1: Foul Ball, location: 2F
2-2: Ball
3-2: Foul Ball, location: 2F
3-2: Foul Ball, location: 2F
3-2: Foul Ball, location: 2F
3-2: Base on Balls
Batting: RHB Dave Roberts 0-0: Ball
1-0: Swinging Strike
1-1: Fly out, F8 (Flyball, 8LD)
Batting: SHB Lawrence Farley 0-0: Ball
Glen MacDonald steals 2nd base
1-0: Called Strike
1-1: Foul Ball, location: 2F
1-2: Ball
2-2: Ground out U3 (Groundball, 34)
Glen MacDonald to third
Batting: LHB António Fernández 0-0: Ball
1-0: Foul Ball, location: 2F
1-1: Foul Ball, location: 2F
1-2: Strikes out swinging
Top of the 3rd over - 0 run(s), 0 hit(s), 0 error(s), 1 left on base; Montgomery 0 - BlackIron 2
BOTTOM OF THE 3RD
BlackIron Dragons batting - Pitching for Montgomery Biscuits : RHP Keith Fitzgerald
Batting: RHB Juan Gonzáles 0-0: Called Strike
0-1: Ball
1-1: Called Strike
1-2: Ball
2-2: Foul Ball, location: 2F
2-2: Strikes out swinging
Batting: SHB José Estreito 0-0: Ball
1-0: Ground out U3 (Groundball, 34)
Batting: RHB Bernardo Corona 0-0: Fly out, F9 (Flyball, 89M)
Bottom of the 3rd over - 0 run(s), 0 hit(s), 0 error(s), 0 left on base; Montgomery 0 - BlackIron 2
TOP OF THE 4TH
Montgomery Biscuits batting - Pitching for BlackIron Dragons : RHP Larry Johnston
Batting: RHB Jerry Johnston 0-0: Foul Ball, location: 2F
0-1: DOUBLE (Line Drive, 89M)
Batting: SHB Terry O'Farrell 0-0: Ball
1-0: DOUBLE (Flyball, 78D)
Jerry Johnston scores
Batting: RHB Bob McDonald 0-0: Ball
1-0: Ball
2-0: Fly out, F9 (Line Drive, 9D)
Runner from 2nd tags up, SAFE at 3rd, no throw
Batting: SHB Jack Estes 0-0: Called Strike
0-1: Called Strike
0-2: Foul Ball, location: 2F
0-2: Ball
1-2: SINGLE (Line Drive, 7S)
Terry O'Farrell scores
Batting: RHB Rusty Downy 0-0: Called Strike
0-1: Swinging Strike
0-2: Foul Ball, location: 2F
0-2: Ball
1-2: Foul Ball, location: 2F
1-2: Ball
2-2: Fly out, F7 (Flyball, 78M)
Batting: RHB Glen MacDonald 0-0: Swinging Strike
0-1: Ball
1-1: Ball
2-1: Ball
3-1: Foul Ball, location: 2F
3-2: Strikes out swinging
Top of the 4th over - 2 run(s), 3 hit(s), 0 error(s), 1 left on base; Montgomery 2 - BlackIron 2
BOTTOM OF THE 4TH
BlackIron Dragons batting - Pitching for Montgomery Biscuits : RHP Keith Fitzgerald
Batting: LHB Pedro Rodríguez 0-0: Ball
1-0: Called Strike
1-1: Ground out 4-3 (Groundball, 34)
Batting: RHB Brady McIntyre 0-0: Ball
1-0: Swinging Strike
1-1: Swinging Strike
1-2: Hit by Pitch
Batting: RHB Jason Erickson 0-0: Ball
1-0: Called Strike
1-1: Swinging Strike
1-2: Strikes out swinging
Batting: SHB Júlio Macías 0-0: Swinging Strike
0-1: Fielders Choice at 2nd, 4-6 (Groundball, 4)
Bottom of the 4th over - 0 run(s), 0 hit(s), 0 error(s), 0 left on base; Montgomery 2 - BlackIron 2
TOP OF THE 5TH
Montgomery Biscuits batting - Pitching for BlackIron Dragons : RHP Larry Johnston
Batting: RHB Dave Roberts 0-0: Called Strike
0-1: Ball
1-1: Swinging Strike
1-2: Strikes out swinging
Batting: SHB Lawrence Farley 0-0: Foul Ball, location: 2F
0-1: Called Strike
0-2: Ball
1-2: Foul Ball, location: 2F
1-2: Foul Ball, location: 2F
1-2: Ball
2-2: Ball
3-2: Base on Balls
Batting: LHB António Fernández 0-0: Ball
1-0: Ball
Lawrence Farley steals 2nd base
2-0: Called Strike
2-1: Ball
3-1: Base on Balls
Batting: RHB Jerry Johnston 0-0: Foul Ball, location: 2F
0-1: Ball
1-1: Fielders Choice at 2nd, 4-6 (Groundball, 4M)
Lawrence Farley to third
Batting: SHB Terry O'Farrell 0-0: Ball
1-0: Ball
Throwing error on steal attempt, E2
Lawrence Farley scores
Jerry Johnston to third
2-0: Called Strike
2-1: Ball
3-1: Fly out, F7 (Flyball, 7)
Top of the 5th over - 1 run(s), 0 hit(s), 1 error(s), 1 left on base; Montgomery 3 - BlackIron 2
BOTTOM OF THE 5TH
BlackIron Dragons batting - Pitching for Montgomery Biscuits : RHP Keith Fitzgerald
Batting: RHB Roderick Silva 0-0: Ball
1-0: Called Strike
1-1: Ball
2-1: Swinging Strike
2-2: Ball
3-2: Ground out 4-3 (Groundball, 4M)
Batting: RHB Júlio Rodríguez 0-0: Ball
1-0: Ball
2-0: Ball
3-0: Base on Balls
Batting: RHB Juan Gonzáles 0-0: Foul Ball, location: 2F
0-1: Ball
1-1: SINGLE (Line Drive, 34D)
Júlio Rodríguez to second
Batting: SHB José Estreito 0-0: Ball
1-0: Swinging Strike
1-1: DOUBLE (Line Drive, 8LD)
Júlio Rodríguez scores
Juan Gonzáles to third
Batting: RHB Bernardo Corona 0-0: DOUBLE (Flyball, 78D)
Juan Gonzáles scores
José Estreito scores
Batting: LHB Pedro Rodríguez 0-0: Intentional Walk
Pitching: RHP Steven Browne
Batting: RHB Brady McIntyre 0-0: Called Strike
0-1: SINGLE (Flyball, 8RS)
Bernardo Corona to third
Pedro Rodríguez to second
Runner from 3rd tries for Home, SAFE, throw made at trailing runner, SAFE at third!
Batting: RHB Jason Erickson 0-0: Ball
1-0: Called Strike
1-1: Called Strike
1-2: Foul Ball, location: 2F
1-2: Strikes out swinging
Batting: SHB Júlio Macías 0-0: Ball
1-0: Foul Ball, location: 2F
1-1: Foul Ball, location: 2F
1-2: Fly out, F6 (Popup, 6)
Bottom of the 5th over - 4 run(s), 4 hit(s), 0 error(s), 2 left on base; Montgomery 3 - BlackIron 6
TOP OF THE 6TH
Montgomery Biscuits batting - Pitching for BlackIron Dragons : RHP Larry Johnston
Pitching: RHP Ramiro Sierra
Batting: RHB Bob McDonald 0-0: Called Strike
0-1: Ball
1-1: Ball
2-1: Ball
3-1: Called Strike
3-2: Foul Ball, location: 2F
3-2: Fly out, F9 (Flyball, 9S)
Batting: SHB Jack Estes 0-0: Swinging Strike
0-1: Ball
1-1: Called Strike
1-2: Ground out 6-3 (Groundball, 6)
Batting: RHB Rusty Downy 0-0: Foul Ball, location: 2F
0-1: Foul Ball, location: 2F
0-2: SINGLE (Groundball, 56D)
Batting: RHB Glen MacDonald 0-0: Ball
1-0: Ball
2-0: Swinging Strike
2-1: Ball
3-1: Called Strike
3-2: Base on Balls
Rusty Downy to second
Batting: RHB Dave Roberts 0-0: Ball
1-0: Ball
2-0: Foul Ball, location: 2F
2-1: Called Strike
2-2: 3-RUN HOME RUN (Flyball, 8LXD), Distance : 435 ft
Batting: SHB Lawrence Farley 0-0: Ball
1-0: Called Strike
1-1: Swinging Strike
1-2: Ball
2-2: Strikes out swinging, 2-3 out at first.
Top of the 6th over - 3 run(s), 2 hit(s), 0 error(s), 0 left on base; Montgomery 6 - BlackIron 6
BOTTOM OF THE 6TH
BlackIron Dragons batting - Pitching for Montgomery Biscuits : RHP Steven Browne
Batting: RHB Roderick Silva 0-0: Swinging Strike
0-1: Ball
1-1: SINGLE (Line Drive, 56D)
Batting: RHB Júlio Rodríguez 0-0: Ball
1-0: Ground out 5-3 (Groundball, 56S)
Roderick Silva to second
Batting: RHB Juan Gonzáles 0-0: Ball
1-0: Called Strike
1-1: SINGLE (Line Drive, 56D)
Roderick Silva to third
Runner from 3rd tries for Home, SAFE, throw made home
Juan Gonzáles to second
Batting: SHB José Estreito 0-0: Intentional Walk
Batting: RHB Bernardo Corona 0-0: Fly out, F9 (Flyball, 89D)
Runner from 2nd tags up, SAFE at 3rd, no throw
Batting: LHB Pedro Rodríguez 0-0: Ball
1-0: Foul Ball, location: 2F
1-1: Ground out 4-3 (Groundball, 34D)
Bottom of the 6th over - 1 run(s), 2 hit(s), 0 error(s), 2 left on base; Montgomery 6 - BlackIron 7
TOP OF THE 7TH
Montgomery Biscuits batting - Pitching for BlackIron Dragons : RHP Ramiro Sierra
Pitching: RHP Eddie Huber
Batting: LHB António Fernández 0-0: Ball
1-0: Reached on error, E3 (Groundball, 3)
Batting: RHB Jerry Johnston 0-0: Called Strike
0-1: Ball
1-1: Ball
2-1: Foul Ball, location: 2F
2-2: Strikes out swinging
Batting: SHB Terry O'Farrell 0-0: Ball
1-0: Fly out, F3 (Line Drive, 3S)
Lined into DP, U3 (Line Drive, 3S)
Top of the 7th over - 0 run(s), 0 hit(s), 1 error(s), 0 left on base; Montgomery 6 - BlackIron 7
BOTTOM OF THE 7TH
BlackIron Dragons batting - Pitching for Montgomery Biscuits : RHP Steven Browne
Batting: RHB Brady McIntyre 0-0: Called Strike
0-1: Swinging Strike
0-2: DOUBLE (Flyball, 78XD)
Pinch Hitting: RHB Doug O'Brien 0-0: Intentional Walk
Batting: SHB Júlio Macías 0-0: Ball
1-0: Called Strike
1-1: Sac Bunt - play at third, runner OUT! 1-5
Doug O'Brien to second
Batting: RHB Roderick Silva 0-0: Called Strike
0-1: Foul Ball, location: 2F
0-2: Ball
1-2: Foul Ball, location: 2F
1-2: Fly out, F8 (Flyball, 8RXD)
Runner from 2nd tags up, SAFE at 3rd, no throw
Batting: RHB Júlio Rodríguez 0-0: Ball
1-0: Called Strike
1-1: Ball
2-1: Swinging Strike
2-2: Strikes out swinging
Bottom of the 7th over - 0 run(s), 1 hit(s), 0 error(s), 2 left on base; Montgomery 6 - BlackIron 7
TOP OF THE 8TH
Montgomery Biscuits batting - Pitching for BlackIron Dragons : RHP Eddie Huber
Pitching: RHP Julián Romero
Now in LF: Al Bartlett
Batting: RHB Bob McDonald 0-0: Ball
1-0: Swinging Strike
1-1: Ball
2-1: Ball
3-1: Base on Balls
Batting: SHB Jack Estes 0-0: Ball
1-0: Sac Bunt - play at first, batter OUT! 1-4
Bob McDonald to second
Pinch Hitting: LHB Bob Jones 0-0: Ball
1-0: Ball
2-0: Ball
3-0: Called Strike
3-1: Foul Ball, location: 2F
3-2: Ground out 3-1 (Groundball, 34D)
Bob McDonald to third
Batting: RHB Glen MacDonald 0-0: Called Strike
0-1: Called Strike
0-2: Ball
1-2: Fly out, F9 (Flyball, 9)
Top of the 8th over - 0 run(s), 0 hit(s), 0 error(s), 1 left on base; Montgomery 6 - BlackIron 7
BOTTOM OF THE 8TH
BlackIron Dragons batting - Pitching for Montgomery Biscuits : RHP Steven Browne
Now at 2B: Roy Ayers
Batting: RHB Juan Gonzáles 0-0: Ball
1-0: Foul Ball, location: 2F
1-1: Ball
2-1: Foul Ball, location: 2F
2-2: Ball
3-2: Base on Balls
Batting: SHB José Estreito 0-0: Ball
1-0: Ball
2-0: Sac Bunt - play at first, batter OUT! 5-4
Juan Gonzáles to second
Batting: RHB Bernardo Corona 0-0: Called Strike
0-1: Fly out, F4 (Flyball, 34D)
Batting: LHB Pedro Rodríguez 0-0: Intentional Walk
Batting: RHB Brady McIntyre 0-0: Foul Ball, location: 2F
0-1: 3-RUN HOME RUN (Flyball, 78XD), Distance : 416 ft
Pitching: RHP Michel Dallaire
Batting: LHB Al Bartlett 0-0: Ball
1-0: Ball
2-0: Swinging Strike
2-1: Foul Ball, location: 2F
2-2: Strikes out looking
Bottom of the 8th over - 3 run(s), 1 hit(s), 0 error(s), 0 left on base; Montgomery 6 - BlackIron 10
TOP OF THE 9TH
Montgomery Biscuits batting - Pitching for BlackIron Dragons : RHP Julián Romero
Batting: RHB Dave Roberts 0-0: Called Strike
0-1: Ball
1-1: Called Strike
1-2: Ball
2-2: Ball
3-2: Strikes out swinging
Batting: SHB Lawrence Farley 0-0: Ground out 4-3 (Groundball, 4)
Batting: LHB António Fernández 0-0: Ball
1-0: Called Strike
1-1: Called Strike
1-2: Ball
2-2: Foul Ball, location: 2F
2-2: Ground out 3-1 (Groundball, 34)
Top of the 9th over - 0 run(s), 0 hit(s), 0 error(s), 0 left on base; Montgomery 6 - BlackIron 10
Tuesday, August 8th, 2017 - OOTP Baseball 17.12 Build 75